AoeStats
← Tornado

Migration

506934959Analyzed
1v1 RM · 18d ago on Sep 15, 2026· 46m 42s· 2 players
Game mode
Random Map
Map size
132×132
Population
200
Speed
Normal
Resources
Standard
Victory
Conquest
Starting age
Dark Age
Ending age
Imperial Age
RankedLock teamsTeams togetherTeam positionsShared explorationLock speedFull tech treeHidden civsTurbo modeCheats
Victory
Defeat
🇸🇪 Chinese · Sweden
415
+19
🇩🇪 Bohemians · Germany
471
-19
Flubby Børry
0:25 Loom
12:10 Feudal Age
12:37 Horse Collar
12:44 Double-Bit Axe
15:49 Fishing Lines
16:22 Fletching
16:43 Forging
17:35 Wheelbarrow
22:40 Castle Age
24:00 Gillnets
24:21 Medium Warships
24:44 Bow Saw
24:37 Heavy Plow
25:58 Bodkin Arrow
27:03 Hand Cart
26:47 Stone Mining
26:49 Gold Mining
27:30 Fervor
28:43 Siphons
28:52 Clinker Construction
30:27 Ballistics
31:23 Murder Holes
31:39 Careening
31:40 Masonry
31:39 Scale Barding Armor
32:10 Iron Casting
33:07 Gold Shaft Mining
33:10 Stone Shaft Mining
33:09 Town Watch
33:58 Chain Barding Armor
33:40 Scale Mail Armor
33:40 Padded Archer Armor
38:53 Imperial Age
36:30 Town Patrol
37:33 Chain Mail Armor
37:34 Leather Archer Armor
37:12 Heated Shot
37:33 Fortified Wall
37:14 Guard Tower
40:32 Heavy Warships
41:28 Chemistry
40:50 Shipwright
Tornado
0:39 Loom
10:30 Feudal Age
11:07 Double-Bit Axe
12:23 Double-Bit Axe
12:29 Horse Collar
21:54 Castle Age
25:03 Bow Saw
24:55 Heavy Plow
26:36 Wheelbarrow
27:52 Chemistry
34:38 Imperial Age
33:02 Hand Cart
32:33 Town Watch
34:18 Forging
34:08 Scale Mail Armor
34:32 Ballistics
33:42 Pikeman
34:23 Squires
34:09 Arson
33:47 Man-at-Arms
36:05 Iron Casting
35:46 Town Patrol
37:05 Two-Man Saw
36:35 Siege Engineers
38:33 Houfnice
39:43 Bombard Tower
39:52 Conscription
39:38 Wagenburg Tactics
45:47 Murder Holes
46:29 Padded Archer Armor
46:19 Fletching
Connection lost

Rejoining the realm…

Still unreachable

The connection could not be restored.

Session expired

The server has moved on; the page needs a fresh start.